 Dungeon Crawl Stone Soup version 0.20.1-1-g8b1a95d (webtiles) character file.

177 Jannitor the Skirmisher (level 5, -1/42 HPs)
             Began as a Mummy Monk on Aug 28, 2017.
             Slain by a hound (4 damage)
             ... on level 4 of the Dungeon.
             The game lasted 00:10:29 (6898 turns).

Jannitor the Skirmisher (Mummy Monk)                Turns: 6898, Time: 00:10:30

Health: -1/42      AC:  2    Str: 20    XL:     5   Next: 31%
Magic:  5/5        EV: 13    Int: 13    God:
Gold:   87         SH:  0    Dex: 13    Spells: 4/4 levels left

rFire    . . .     SeeInvis .     - Unarmed
rCold    + . .     Gourm    .   (no shield)
rNeg     + + +     Faith    .   (no armour)
rPois    ∞         Spirit   .   (no helmet)
rElec    .         Reflect  .   (no cloak)
rCorr    .         Harm     .   i - +1 pair of gloves
MR       .....                  (no boots)
Stlth    ++........             (no amulet)
Regen    0.2/turn               a - ring of protection from cold
MPRegen  0.1/turn               l - ring of Ythos {Fire Str+6 Int+4 Dex-3}

@: no status effects
A: no food or potions, fire vulnerability, cold resistance 1, negative energy
resistance 3, torment resistance, unbreathing
a: no special abilities


You were on level 4 of the Dungeon.
You were not hungry.

You visited 1 branch of the dungeon, and saw 4 of its levels.

You collected 87 gold pieces.

Inventory:

Armour
 i - a +1 pair of gloves (worn)
Jewellery
 a - a ring of protection from cold (left hand)
 l - the ring of Ythos (right hand) {Fire Str+6 Int+4 Dex-3}
   (You found it on level 4 of the Dungeon)

   [ring of fire]

   It enhances your fire magic.
   It affects your strength (+6).
   It affects your intelligence (+4).
   It affects your dexterity (-3).
   It protects you from fire.
   It makes you vulnerable to cold.
Wands
 j - a wand of confusion (29/48)
Scrolls
 d - a scroll of blinking
 e - 2 scrolls of identify
 f - a scroll of fear {unknown}
 g - a scroll of magic mapping {unknown}
 h - a scroll of amnesia {unknown}
 k - a scroll of random uselessness {unknown}


   Skills:
 + Level 4.2 Fighting
 - Level 2.4 Dodging
 + Level 3.0 Stealth
 + Level 3.5 Unarmed Combat


You had 4 spell levels left.
You didn't know any spells.

Dungeon Overview and Level Annotations

Branches:
Dungeon (4/15)             Temple (0/1) D:4

Altars:
Dithmenos
Yredelemnul

Annotations:
D:2 exclusion: downstairs
D:3 exclusion: downstairs, Ijyb


Innate Abilities, Weirdness & Mutations

You do not eat or drink.
Your flesh is vulnerable to fire.
You are immune to poison.
Your flesh is cold resistant. (rC+)
You are immune to negative energy. (rN+++)
You are immune to unholy pain and torment.
You can survive without breathing.


Message History

Unknown command.
You see here an encrusted trident.
As you read the scroll labeled VUFUDI ATTE, it crumbles to dust.
You feel blessed for a moment.
It was a scroll of remove curse.
The hound misses you. The hound bites you.
* * * LOW HITPOINT WARNING * * *
As you read the scroll labeled XIUKUN ESEJ, it crumbles to dust.
It is a scroll of enchant armour.
Your +0 pair of gloves glows green for a moment.
The hound bites you.
* * * LOW HITPOINT WARNING * * *
Unknown command.
Unknown command.
As you read the scroll labeled WEN RATHRYRGHE, it crumbles to dust.
It is a scroll of identify.
d - a scroll of blinking The hound bites you.
* * * LOW HITPOINT WARNING * * *
The hound bites you.
You die...

#s............+.#.#
.+.....>.......###.#
+#......#'#......#.#
w.......+.#.####.#.#
........#.#.#..#.#.#
........#.#.#..#.#.#
...######.#.#..#.#
#.#.#...<#
#.#.##.#@#
#####.#....#h#
#...#.######.# .
#......).....#
...##....#########
....'....+
...##....# ..
+.%.......
##...#####


You could see a hound.

Vanquished Creatures
  A hound (D:4)
  A worker ant (D:4)
  3 adders
  2 worms
  3 dart slugs
  3 leopard geckos
  5 orcs
  4 giant cockroaches
  6 goblins
  7 hobgoblins
  8 jackals
  9 kobolds
  2 quokkas
  10 bats
  6 frilled lizards
  9 rats
79 creatures vanquished.

Notes
Turn   | Place    | Note
-------+----------+-------------------------------------------
     0 | D:1      | Jannitor the Mummy Monk began the quest for the Orb.
     0 | D:1      | Reached XP level 1. HP: 18/18 MP: 1/1
   899 | D:1      | Reached XP level 2. HP: 17/24 MP: 2/2
  1505 | D:1      | Reached XP level 3. HP: 17/29 MP: 3/3
  3207 | D:2      | Reached XP level 4. HP: 21/36 MP: 4/4
  4451 | D:3      | Found a basalt altar of Yredelemnul.
  4494 | D:3      | Found a shadowy altar of Dithmenos.
  4587 | D:3      | Noticed Ijyb
  6060 | D:4      | Got a pitted glass ring
  6061 | D:4      | Identified the ring of Ythos {Fire Str+6 Int+4 Dex-3} (You found it on level 4 of the Dungeon)
  6078 | D:4      | Found a staircase to the Ecumenical Temple.
  6345 | D:4      | Reached skill level 4 in Fighting
  6345 | D:4      | Reached XP level 5. HP: 8/42 MP: 5/5
  6898 | D:4      | Slain by a hound

Skill      XL: |  1  2  3  4  5 |
---------------+----------------+-----
Stealth        | 2 3 |  3.0
Unarmed Combat | 3 |  3.5
Fighting       | 4 |  4.2
Dodging        | |  2.4

Action                   |  1- 3 |  4- 6 || total
-------------------------+-------+-------++-------
Melee: Unarmed           |   225 |   195 ||   420
       Punch             |     2 |     2 ||     4
  Use: Scroll            |       |     6 ||     6
 Stab: Sleeping          |     3 |     1 ||     4
Armor: Skin              |       |    12 ||    12
Dodge: Dodged            |   159 |   109 ||   268
